 Dungeon Crawl Stone Soup version 0.31-a0-182-gc5ef74bbde (webtiles) character file.

Game seed: 11016921043795350177

1582 qw the Cleaver (level 8, -3/52 HPs)
             Began as a Gargoyle Fighter on June 21, 2023.
             Slain by a wight
             ... wielding a +0 great sword
              (8 damage)
             ... on level 7 of the Dungeon.
             The game lasted 00:02:28 (4715 turns).

qw the Cleaver (Gargoyle Fighter)                   Turns: 4715, Time: 00:02:29

Health: -3/52      AC: 22    Str: 22    XL:     8   Next: 92%
Magic:  8/8        EV:  6    Int:  9    God:
Gold:   286        SH:  4    Dex:  9    Spells: 7/7 levels left

rFire   . . .        Y - +1 war axe
rCold   . . .        c - +0 buckler
rNeg    + . .        k - +0 plate armour
rPois   inf          a - +2 helmet {SInv}
rElec   +            (no cloak)
rCorr   .            j - +0 pair of gloves
SInv    +            (no boots)
Will    .....        h - amulet of the acrobat Stlth
                     (no ring)
HPRegen 0.28/turn    (no ring)
MPRegen 0.11/turn

%: acrobat
@: no status effects
A: sickness immunity, AC +5, negative energy resistance 1, electricity
resistance, torment resistance 1, petrification resistance
a: no special abilities


You were on level 7 of the Dungeon.
You visited 1 branch of the dungeon, and saw 7 of its levels.

You collected 335 gold pieces.
You spent 49 gold pieces at shops.


Innate Abilities, Weirdness & Mutations

You are immune to sickness and miasma.
Your stone body is resilient. (AC +5)
You are immune to poison.
You resist negative energy. (rN+)
You are resistant to electric shocks. (rElec)
You are resistant to unholy torment.
You are immune to petrification.


   Skills:
 - Level 6.4 Fighting
 + Level 8.0 Axes
 - Level 1.2 Throwing
 - Level 5.1 Armour
 - Level 1.6 Dodging
 - Level 3.2 Shields


You had 7 spell levels left.
You didn't know any spells.
Your spell library was empty.

Inventory:

Hand Weapons
 f - a +0 morningstar
 Y - a +1 war axe (weapon)
Missiles
 g - 8 boomerangs (quivered)
Armour
 a - a +2 helmet of see invisible (worn)
 c - a +0 buckler (worn)
 j - a +0 pair of gloves (worn)
 k - a +0 plate armour (worn)
Jewellery
 b - a ring of ice
 h - an amulet of the acrobat (around neck)
 n - an amulet of reflection
Scrolls
 p - a scroll of identify
Potions
 d - a potion of might
 e - a potion of lignification
 i - a potion of haste
 m - a potion of mutation

Dungeon Overview and Level Annotations

Branches:
Dungeon (7/15)
 Temple: D:4-7

Altars:
Sif Muna

Shops:
D:3 [

Annotations:
D:2 1 runed translucent door, Crazy Yiuf


Message History

The gnoll shouts!
You slash the yak!
The yak is severely wounded.
You hit the wight but do no damage.
You hear a shout!
A gnoll comes into view. It is wielding a +0 flail.
A gnoll comes into view. It is wielding a +0 halberd.
The wight barely misses you.
You slash the yak!
You kill the yak!
You hit the wight but do no damage. You block the wight's attack.
Your Fighting skill increases to level 6!
You barely miss the wight. You hit the wight but do no damage.
The wight hits you but does no damage. x2
You slash the wight!
The wight is severely damaged.
You hit the wight but do no damage. The wight hits you with a +4 scimitar!
The wight hits you but does no damage.
You closely miss the wight.
The wight is severely damaged.
You hit the wight. The wight hits you with a +4 scimitar.
The wight hits you but does no damage.
You closely miss the wight.
The wight is severely damaged.
You closely miss the wight. The wight hits you but does no damage.
The wight hits you with a +0 great sword!
The wight hits you with a +4 scimitar.
The wight hits you with a +0 great sword!
You closely miss the wight.
The wight is severely damaged.
You hit the wight. The wight barely misses you. x2
You hit the wight.
The wight is almost destroyed.
You hit the wight but do no damage. The wight barely misses you.
The wight hits you with a +0 great sword!
You die...

#....# ####.#
... #.#######
.}. #.......#
g. #######.#
gg #.# Y# #.#
Y#
#.#####z######
#.....@z......
#.#.##########
#.### #.# #.+
###


You could see 2 yaks, 2 wights and 3 gnolls.

Vanquished Creatures
  A yak (D:7)
  A water moccasin (D:6)
  2 ice beasts (D:6)
  An ogre (D:4)
  A centaur (D:5)
  4 wights (D:6)
  4 hounds
  A jelly (D:6)
  5 orc priests
  3 iguanas
  A sleepcap (D:6)
  6 orc wizards
  4 gnolls (D:5)
  8 adders
  A shadow imp (D:5)
  An ufetubus (D:5)
  2 worms
  2 dart slugs
  19 orcs
  4 ball pythons
  3 bats
  6 endoplasms
  4 goblins (D:2)
  4 hobgoblins
  7 jackals
  2 kobolds
  8 quokkas
  3 frilled lizards
  4 rats
112 creatures vanquished.

Notes
Turn   | Place    | Note
-------+----------+-------------------------------------------
     0 | D:1      | qw the Gargoyle Fighter began the quest for the Orb.
     0 | D:1      | Reached XP level 1. HP: 14/14 MP: 1/1
     0 | D:1      | 0 ||| qw: Version: 0.3-a-9-g12657ce
     0 | D:1      | 0 ||| qw: Game counter: 1603
     0 | D:1      | 0 ||| qw: Always use a shield: true
     0 | D:1      | 0 ||| qw: God list: Okawaru
     0 | D:1      | 0 ||| qw: Allow faded altars: false
     0 | D:1      | 0 ||| qw: Do Orc after D:15 true
     0 | D:1      | 0 ||| qw: Do second Lair branch before Depths: true
     0 | D:1      | 0 ||| qw: Lair rune preference: random
     0 | D:1      | 0 ||| qw: Plans: Normal, Zot:1-4, Slime:5, God:TSO, Crypt,
                  | Tomb, Abyss, Pan, Hells, Win
     0 | D:1      | 0 ||| PLANNING D:1-11
   176 | D:1      | Reached skill level 2 in Axes
   320 | D:1      | 320 ||| Stepping ~*~*~tactically~*~*~ (stealth).
   325 | D:1      | Reached XP level 2. HP: 19/19 MP: 2/2
   670 | D:1      | 670 ||| READING scroll labelled OCENOCW HOIHA.
   683 | D:1      | 683 ||| READING scroll labelled ZIKHIST XYES.
   747 | D:2      | Reached skill level 3 in Axes
   752 | D:2      | Reached XP level 3. HP: 22/23 MP: 3/3
   811 | D:2      | Reached XP level 4. HP: 28/28 MP: 4/4
   890 | D:2      | 890 ||| Stepping ~*~*~tactically~*~*~ (stealth).
   893 | D:2      | 893 ||| Stepping ~*~*~tactically~*~*~ (stealth).
   894 | D:2      | 894 ||| Stepping ~*~*~tactically~*~*~ (stealth).
   896 | D:2      | 896 ||| Stepping ~*~*~tactically~*~*~ (stealth).
   908 | D:2      | Reached skill level 4 in Axes
  1095 | D:2      | 1095 ||| DROPPING +0 club.
  1096 | D:2      | Found a runed translucent door.
  1097 | D:2      | Noticed Crazy Yiuf
  1099 | D:2      | 1099 ||| DROPPING +0 hammer.
  1257 | D:2      | 1257 ||| DROPPING orb of mayhem.
  1258 | D:2      | 1258 ||| READING scroll labelled TAFYAMN UDWASH.
  1259 | D:2      | 1259 ||| READING scroll labelled DACRADI YQEU.
  1260 | D:2      | 1260 ||| READING scroll labelled ILUDEH TICIPU.
  1403 | D:3      | Found Ocrugic's Armour Boutique.
  1410 | D:3      | 1410 ||| BUYING +0 pair of gloves (49 gold).
  1410 | D:3      | Bought a +0 pair of gloves for 49 gold pieces
  1410 | D:3      | 1410 ||| SHOPLISTING +2 plate armour of positive energy
                  | (407 gold, have 69).
  1550 | D:3      | 1550 ||| Stepping ~*~*~tactically~*~*~ (stealth).
  1742 | D:3      | Identified the staff of the Onslaught {rF+ Dex+8 Fire}
  1843 | D:3      | 1843 ||| UPGRADING to +0 pair of gloves.
  1848 | D:3      | 1848 ||| UPGRADING to +0 plate armour.
  1858 | D:3      | 1858 ||| DROPPING +0 scale mail.
  1859 | D:3      | 1859 ||| READING scroll labelled YHOERHAYNI.
  1860 | D:3      | 1860 ||| READING scroll labelled QUN YLIPOORAEL.
  1864 | D:3      | 1864 ||| READING 2 scrolls labelled VIMORI PYTE.
  1865 | D:3      | 1865 ||| DRINKING 2 metallic coppery potions.
  1866 | D:3      | 1866 ||| DRINKING 2 fizzy pink potions.
  1867 | D:3      | 1867 ||| READING 2 scrolls of identify.
  1867 | D:3      | 1867 ||| IDENTIFYING amethyst potion
  1868 | D:3      | 1868 ||| DROPPING potion of brilliance.
  1869 | D:3      | 1869 ||| DROPPING scroll of fear.
  2012 | D:4      | Found a shimmering blue altar of Sif Muna.
  2014 | D:4      | 2014 ||| Stepping ~*~*~tactically~*~*~ (stealth).
  2023 | D:4      | Reached XP level 5. HP: 32/32 MP: 5/5
  2078 | D:4      | 2078 ||| Stepping ~*~*~tactically~*~*~ (stealth).
  2079 | D:4      | 2079 ||| Stepping ~*~*~tactically~*~*~ (stealth).
  2089 | D:4      | Reached skill level 5 in Axes
  2142 | D:4      | HP: 5/32 [worm (7)]
  2142 | D:4      | HP: 1/32 [frozen (4)]
  2143 | D:4      | 2143 ||| DRINKING potion of heal wounds.
  2167 | D:4      | Reached XP level 6. HP: 24/38 MP: 6/6
  2218 | D:4      | 2218 ||| Stepping ~*~*~tactically~*~*~ (stealth).
  2220 | D:4      | 2220 ||| Stepping ~*~*~tactically~*~*~ (stealth).
  2221 | D:4      | 2221 ||| Stepping ~*~*~tactically~*~*~ (stealth).
  2231 | D:4      | 2231 ||| DROPPING +1 hammer of protection.
  2232 | D:4      | 2232 ||| DROPPING +0 flail.
  2553 | D:4      | 2553 ||| READING scroll labelled EKITOS MIAHIPY.
  2554 | D:4      | 2554 ||| READING 2 scrolls labelled VEKU WOL ZEU.
  2555 | D:4      | 2555 ||| READING 3 scrolls of identify.
  2555 | D:4      | 2555 ||| IDENTIFYING viscous green potion
  2556 | D:4      | 2556 ||| READING 2 scrolls of identify.
  2556 | D:4      | 2556 ||| IDENTIFYING sedimented pink potion
  2557 | D:4      | 2557 ||| DROPPING scroll of noise.
  2558 | D:4      | 2558 ||| DROPPING potion of ambrosia.
  2572 | D:5      | Entered Level 5 of the Dungeon
  2581 | D:5      | 2581 ||| STAIRDANCE
  2754 | D:5      | 2754 ||| Stepping ~*~*~tactically~*~*~ (stealth).
  2802 | D:5      | 2802 ||| Stepping ~*~*~tactically~*~*~ (hiding).
  2809 | D:5      | Reached skill level 6 in Axes
  2813 | D:5      | Reached XP level 7. HP: 14/43 MP: 7/7
  2816 | D:5      | HP: 9/43 [gnoll/+0 whip (2)]
  2817 | D:5      | 2817 ||| READING scroll of teleportation.
  3018 | D:5      | 3018 ||| Stepping ~*~*~tactically~*~*~ (stealth).
  3044 | D:5      | 3044 ||| Stepping ~*~*~tactically~*~*~ (hiding).
  3047 | D:5      | 3047 ||| Stepping ~*~*~tactically~*~*~ (hiding).
  3068 | D:5      | 3068 ||| FLEEEEING.
  3073 | D:5      | 3073 ||| Stepping ~*~*~tactically~*~*~ (hiding).
  3086 | D:5      | Reached skill level 7 in Axes
  3092 | D:5      | 3092 ||| Stepping ~*~*~tactically~*~*~ (stealth).
  3093 | D:5      | 3093 ||| Stepping ~*~*~tactically~*~*~ (stealth).
  3237 | D:5      | 3237 ||| Stepping ~*~*~tactically~*~*~ (hiding).
  3239 | D:5      | 3239 ||| Stepping ~*~*~tactically~*~*~ (hiding).
  3240 | D:5      | 3240 ||| Stepping ~*~*~tactically~*~*~ (hiding).
  3431 | D:5      | 3431 ||| UPGRADING to +2 helmet of see invisible.
  3436 | D:5      | 3436 ||| UPGRADING to amulet of the acrobat.
  3441 | D:5      | 3441 ||| READING scroll labelled BUNEYS HENUE.
  3472 | D:6      | 3472 ||| Stepping ~*~*~tactically~*~*~ (stealth).
  3473 | D:6      | 3473 ||| Stepping ~*~*~tactically~*~*~ (stealth).
  3475 | D:6      | 3475 ||| FLEEEEING.
  3480 | D:6      | 3480 ||| Stepping ~*~*~tactically~*~*~ (hiding).
  3580 | D:6      | Reached XP level 8. HP: 41/50 MP: 8/8
  3621 | D:6      | Reached skill level 1 in Dodging
  3722 | D:6      | Reached skill level 1 in Throwing
  3795 | D:6      | 3795 ||| FLEEEEING.
  3941 | D:6      | 3941 ||| Stepping ~*~*~tactically~*~*~ (hiding).
  3944 | D:6      | 3944 ||| Stepping ~*~*~tactically~*~*~ (hiding).
  4044 | D:6      | Reached skill level 8 in Axes
  4063 | D:6      | 4063 ||| Stepping ~*~*~tactically~*~*~ (hiding).
  4065 | D:6      | 4065 ||| Stepping ~*~*~tactically~*~*~ (hiding).
  4122 | D:6      | Identified the +4 whip of Pain and Death {freeze, rPois
                  | SInv Stlth+}
  4542 | D:6      | 4542 ||| READING 2 scrolls of identify.
  4542 | D:6      | 4542 ||| IDENTIFYING glowing purple potion
  4696 | D:7      | Noticed a yak
  4696 | D:7      | Noticed a yak
  4696 | D:7      | Noticed a yak
  4697 | D:7      | Noticed a yak
  4706 | D:7      | HP: 10/50 [yak (4)]
  4707 | D:7      | 4707 ||| DRINKING potion of heal wounds.
  4709 | D:7      | Killed a yak
  4710 | D:7      | Reached skill level 6 in Fighting
  4713 | D:7      | HP: 5/52 [wight/+0 great sword (13)]
  4715 | D:7      | Slain by a wight

Levels and vault maps discovered:
D:1:      minmay_arrival_four_loops, layout_basic, minmay_misc_feat_room,
          minmay_fountain_box
D:2:      layout_basic, uniq_crazy_yiuf_cottage
D:3:      layout_basic, serial_shops, nicolae_shop_tiny_glass
D:4:      layout_basic, nicolae_sif_muna_condensation, kennysheep_generic_room_6
D:5:      layout_cave_pools
D:6:      layout_basic, hangedman_decor_opposing
D:7:      layout_basic, grunt_temple_overflow_champion_of_chaos,
          kennysheep_mini, minitemple, minmay_temple_entry_large_hall,
          serial_corexii_hall, corexii_hall_statues_i,
          corexii_hall_statues_deadend, corexii_hall_statues_x,
          chequers_hall_statues_y

Skill      XL: |  1  2  3  4  5  6  7  8 |
---------------+-------------------------+-----
Axes           | 2 3 4 5 6 7 8 |  8.0
Fighting       | 4 5 6 |  6.4
Armour         | 4 5 |  5.1
Dodging        | 1 |  1.6
Throwing       | 1 |  1.2
Shields        | |  3.2

Action                     |  1- 3 |  4- 6 |  7- 9 || total
---------------------------+-------+-------+-------++-------
  Melee: War axe           |    76 |   142 |   146 ||   364
  Throw: Boomerang         |       |    49 |    28 ||    77
    Use: Scroll            |     2 |    11 |     3 ||    16
         Potion            |       |     3 |     1 ||     4
 Armour: Scale mail        |    38 |    44 |       ||    82
         Plate armour      |       |   105 |    96 ||   201
  Dodge: Dodged            |    54 |    48 |    50 ||   152
  Block: Buckler           |    13 |    38 |    26 ||    77

Table legend:
 A = Non-vault XP
 B = Vault XP
 C = Vault XP percentage of total XP
 D = Non-vault monster count
 E = Vault monster count
 F = Vault count percentage of total count
                 A         B        C        D         E       F
            +---------+---------+-------+---------+---------+-------
      Total |    2215 |      46 |   2.0 |     109 |       3 |   2.7
            +---------+---------+-------+---------+---------+-------
        D:1 |      29 |       0 |   0.0 |      16 |       0 |   0.0
        D:2 |      84 |       0 |   0.0 |      16 |       0 |   0.0
        D:3 |      40 |       0 |   0.0 |       8 |       0 |   0.0
        D:4 |     317 |      46 |  12.7 |      22 |       3 |  12.0
        D:5 |     500 |       0 |   0.0 |      29 |       0 |   0.0
        D:6 |    1003 |       0 |   0.0 |      16 |       0 |   0.0
        D:7 |     242 |       0 |   0.0 |       2 |       0 |   0.0
            +---------+---------+-------+---------+---------+-------
